 Dungeon Crawl Stone Soup version 0.28-a0-1347-g113dc556a4 (webtiles) character file.

Game seed: 6525426005563366191

44 2tousent the Sneak (level 3, 0/28 HPs)
             Began as a Naga Enchanter on Dec 29, 2021.
             Succumbed to an adder's poison
             ... on level 2 of the Dungeon.
             The game lasted 00:03:11 (2577 turns).

2tousent the Sneak (Naga Enchanter)                 Turns: 2577, Time: 00:03:11

Health: 0/28       AC:  2    Str: 10    XL:     3   Next: 60%
Magic:  6/6        EV: 10    Int: 15    God:
Gold:   31         SH:  0    Dex: 19    Spells: 4/6 levels left

rFire   + . .      SeeInvis +   a - +1 dagger
rCold   + . .      Faith    .   (no shield)
rNeg    . . .      Spirit   .   b - +0 robe
rPois   +          Reflect  .   (no helmet)
rElec   +          Harm     .   (no cloak)
rCorr   +          Rampage  .   (no gloves)
Will    .....                   (no barding)
Stlth   +++.......              (no amulet)
HPRegen 0.09/turn               e - +6 ring of dexterity
MPRegen 0.10/turn               h - ring of wizardry

@: lethally poisoned (0 -> -8), short of breath, resistant, very slow
A: AC +1, large, see invisible, deformed body, poison resistance, slowness 2,
spit poison 1, naga tail 1
a: Spit Poison


You were on level 2 of the Dungeon.
You visited 1 branch of the dungeon, and saw 2 of its levels.

You collected 31 gold pieces.

Inventory:

Hand Weapons
 a - a +1 dagger (weapon)
Armour
 b - a +0 robe (worn)
Jewellery
 e - a +6 ring of dexterity (left hand)
 h - a ring of wizardry (right hand)
Scrolls
 d - a scroll of fog
 g - a scroll of identify {unknown}
Potions
 c - a potion of invisibility


   Skills:
 + Level 1.4 Short Blades
 - Level 1.5 Dodging
 - Level 5.0 Stealth
 - Level 2.0 Spellcasting
 * Level 3.7 Hexes
 * Level 1.2 Ice Magic


You had 4 spell levels left.
You knew the following spells:

 Your Spells              Type           Power      Damage    Failure   Level
a - Ensorcelled Hibernat  Hex/Ice        16%        N/A       4%          2

Your spell library contained the following spells:

 Spells                   Type           Power      Damage    Failure   Level
 Confusing Touch          Hex            12%        N/A       6%          3
 Tukima's Dance           Hex            12%        N/A       6%          3
 Dazzling Flash           Conj/Hex       14%        N/A       12%         3


Dungeon Overview and Level Annotations

Branches:
Dungeon (2/15)

Altars:


Innate Abilities, Weirdness & Mutations

Your serpentine skin is tough. (AC +1)
You have supernaturally acute eyesight. (SInv)
Armour fits poorly on your strangely shaped body.
Your system is resistant to poisons. (rPois)
You cover ground very slowly.
You can spit poison.
You have a snake-like lower body.


Message History

The adder closely misses you.
You closely miss the adder.
The adder is moderately wounded.
The adder barely misses you. The adder bites you.
You closely miss the adder.
The adder is moderately wounded.
You have got your breath back.
The adder closely misses you.
You closely miss the adder.
The adder is moderately wounded.
The adder bites you.
You barely miss the adder.
The adder is moderately wounded.
The adder bites you.
You miss the adder.
The adder is moderately wounded.
The adder closely misses you.
Aiming: Spit Poison (2% risk of failure)
Press: ? - help, Shift-Dir - straight line, f/p - adder
Aim: an adder (moderately wounded)
The splash of poison misses the adder.
The adder bites you.
You are poisoned.
The adder poisons you! The adder barely misses you.
You hit the adder.
The adder is heavily wounded.
You feel sick. The adder bites you.
* * * LOW HITPOINT WARNING * * *
You miss the adder.
The adder is heavily wounded.
The adder closely misses you.
You hit the adder but do no damage.
The adder is heavily wounded.
* * * LOW HITPOINT WARNING * * *
You feel sick. The adder bites you.
* * * LOW HITPOINT WARNING * * *
You are more poisoned.
The adder poisons you!
It was a potion of resistance.
You feel protected.
You die...

...###.#.#.###.###.###..#
.#.....#.#.###..#...#...#
.........#.##.........#.#
#.########.##.#..######.####.#
#.# #.......######......# ...
#.........)...^..# ...#
#>##.##.########## ...#
#.##.##.# ...# #.##..#@# ...#
####.###.#S# ###
...####........#†# ....
......<..#......>##.)...
...........##..#........
.........#(......##.....
...####........#.# >... ...#
####..####.# ### ...# #..# ...


You could see an adder.

Vanquished Creatures
  2 worms (D:2)
  2 dart slugs
  2 ball pythons
  3 endoplasms
  3 giant cockroaches
  7 goblins (D:1)
  3 bats (D:1)
  A frilled lizard (D:1)
  5 kobolds
  5 rats
33 creatures vanquished.

Notes
Turn   | Place    | Note
-------+----------+-------------------------------------------
     0 | D:1      | 2tousent the Naga Enchanter began the quest for the Orb.
     0 | D:1      | Reached XP level 1. HP: 15/15 MP: 3/3
   373 | D:1      | Reached XP level 2. HP: 22/22 MP: 5/5
   774 | D:1      | Learned a level 2 spell: Ensorcelled Hibernation
  1185 | D:1      | Reached skill level 5 in Stealth
  1405 | D:1      | Reached XP level 3. HP: 4/28 MP: 1/6
  2071 | D:2      | Reached skill level 1 in Ice Magic
  2577 | D:2      | Succumbed to an adder's poison

Illustrated notes

Levels and vault maps discovered:
D:1:      dpeg_arrival_stone_temple_mockup, layout_loops_corners
D:2:      layout_loops_cross, minmay_between, uniq_crazy_yiuf_cottage,
          uniq_jessica

Skill      XL: |  1  2  3 |
---------------+----------+-----
Stealth        | 5 |  5.0
Ice Magic      | 1 |  1.2
Short Blades   | |  1.4
Dodging        | |  1.5
Spellcasting   | |  2.0
Hexes          | |  3.7

Action                   || total
-------------------------++-------
Melee: Dagger            ||   102
 Cast: Ensorcelled Hiber ||     2
 Abil: Spit Poison       ||    12
  Use: Scroll            ||     3
       Potion            ||     1
 Stab: Sleeping          ||    11
Armor: Robe              ||    14
Dodge: Dodged            ||    52

Table legend: (Time is in decaauts)
 A = Elapsed time spent in this place.
 B = Non-inter-level travel time spent in this place.
 C = Inter-level travel time spent in this place.
 D = Time resting spent in this place.
 E = Time spent auto-exploring this place.
 F = Levels seen in this place.
 G = Mean time per level.
                   A        B        C        D        E       F      G
               +--------+--------+--------+--------+--------+-----+--------+
         Total |   3008 |   2959 |     49 |      0 |   2629 |   2 | 1504.0 |
       Dungeon |   3008 |   2959 |     49 |      0 |   2629 |   2 | 1504.0 |
               +--------+--------+--------+--------+--------+-----+--------+

Top non-repeatable levels by time:
     D:1: 2331 daAuts
     D:2: 676 daAuts
